 Dungeon Crawl Stone Soup version 0.31.0-11-ge490571c62 (webtiles) character file.

Game seed: 13886894044090875581

27 browni3141 the Trooper (level 2, 0/27 HPs)
             Began as a Minotaur Fighter on Jan 28, 2024.
             Slain by a gnoll
             ... wielding a +0 club
              (6 damage)
             ... on level 2 of the Dungeon.
             The game lasted 00:00:21 (854 turns).

browni3141 the Trooper (Minotaur Fighter)            Turns: 854, Time: 00:00:22

Health: 0/27       AC:  7    Str: 20    XL:     2   Next: 93%
Magic:  1/1        EV:  9    Int:  5    God:
Gold:   96         SH:  4    Dex:  9    Spells: 1/1 levels left

rFire   . . .        a - +0 war axe
rCold   . . .        c - +0 buckler
rNeg    . . .        b - +0 scale mail
rPois   .            (helmet restricted)
rElec   .            (no cloak)
rCorr   .            (no gloves)
SInv    .            (no boots)
Will    .....        (no amulet) Stlth
                     (no ring)
HPRegen 0.24/turn    (no ring)
MPRegen 0.07/turn

%: no passive effects
@: no status effects
A: horns 2, retaliatory headbutt
a: no special abilities


You were on level 2 of the Dungeon.
You visited 1 branch of the dungeon, and saw 3 of its levels.

You collected 96 gold pieces.

Inventory:

Hand Weapons
 a - a +0 war axe (weapon)
Missiles
 f - 5 javelins (quivered)
Armour
 b - a +0 scale mail (worn)
 c - a +0 buckler (worn)
Scrolls
 e - a scroll of identify {unknown}
 g - a scroll of torment {unknown}
 h - a scroll of enchant weapon {unknown}
Potions
 d - a potion of might
 i - a potion of mutation {unknown}


   Skills:
 + Level 3.9 Fighting
 * Level 3.3 Axes
 + Level 3.9 Armour
 + Level 3.9 Shields


You had one spell level left.
You didn't know any spells.
Your spell library was empty.

Dungeon Overview and Level Annotations

Branches:
Dungeon (3/15)

Altars:


Innate Abilities, Weirdness & Mutations

You have a pair of horns on your head.
You reflexively headbutt those who attack you in melee.


Message History

No target in view!
f - 5 javelins (gained 1)
You open the door.
A hobgoblin comes into view.
The hobgoblin moves out of view.
Key pressed, stopping explore.
No target in view!
No target in view!
A hobgoblin is nearby!
The hobgoblin hits you.
A hobgoblin is nearby!
You closely miss the hobgoblin.
The hobgoblin hits you but does no damage. x2
A hobgoblin is nearby!
A hobgoblin is nearby!
You slash the hobgoblin!
You kill the hobgoblin!
No target in view!
You see here a hobgoblin corpse.
You open the door.
There is an open door here.
Found a stone staircase leading down.
No target in view!
i - a silvery potion No target in view!
A frilled lizard comes into view.
The frilled lizard hisses angrily.
Okay, then.
A frilled lizard is nearby!
Found a faded altar of an unknown god.
A frilled lizard is nearby!
You hit the frilled lizard.
You kill the frilled lizard!
No target in view!
There is a dry fountain here.
Found a stone staircase leading down.
No target in view!
You now have 87 gold pieces (gained 9).
Key pressed, stopping explore.
No target in view!
No target in view!
There is a dry fountain here.
There is a fountain of clear blue water here.
You now have 96 gold pieces (gained 9).
A gnoll comes into view. It is wielding a +0 club.
The gnoll shouts!
A gnoll comes into view. It is wielding a +0 flail.
A gnoll comes into view. It is wielding a +0 halberd.
A gnoll comes into view. It is wielding a +0 whip.
You see here 3 gold pieces.
There are monsters nearby!
The gnoll shouts! x2
There are monsters nearby!
There are monsters nearby!
The gnoll hits you but does no damage.
You slash the gnoll!
The gnoll is severely wounded.
The gnoll hits you with a +0 club.
There are monsters nearby!
You hit the gnoll.
The gnoll is almost dead.
The gnoll barely misses you. You furiously retaliate!
You headbutt the gnoll, but do no damage.
You hit the gnoll but do no damage. Your headbutt misses the gnoll.
The gnoll is almost dead.
The gnoll hits you with a +0 club.
You see here 3 gold pieces.
There is a stone staircase leading down here.
The gnoll hits you but does no damage.
You climb downwards.
There is a stone staircase leading up here.
You slash the gnoll! Your headbutt misses the gnoll.
The gnoll is heavily wounded.
The gnoll hits you with a +0 flail!
You barely miss the gnoll.
You headbutt the gnoll, but do no damage.
The gnoll is heavily wounded.
The gnoll hits you with a +0 flail. The gnoll barely misses you.
You furiously retaliate!
You headbutt the gnoll!
You kill the gnoll!
No target in view!
No target in view!
You start resting.
HP restored.
You climb upwards.
The gnoll hits you but does no damage.
There is a stone staircase leading down here.
You closely miss the gnoll. Your headbutt misses the gnoll.
You block the gnoll's attack. The gnoll closely misses you. x3
You hit the gnoll. Your headbutt misses the gnoll.
The gnoll is lightly wounded.
The gnoll hits you from afar with a +0 halberd.
The gnoll hits you with a +0 club.
You closely miss the gnoll.
The gnoll is lightly wounded.
You block the gnoll's attack. The gnoll closely misses you.
The gnoll barely misses you. The gnoll hits you with a +0 club.
The gnoll closely misses you.
The gnoll hits you from afar with a +0 halberd!
The gnoll hits you with a +0 club.
You die...

##....~.....P.#
#....~P#.#.⌠.#
#....~.#.#.⌠.#
#....~.#_#.~.#
####.⌠P###.~.#
#####.~.P...~.#
......~⌠~~~~⌠.#
..............####
............@g....#
.......####g......#
##.#####
#.g........ #.
#.######### #.# #.#
#.# .g# ...


You could see 3 gnolls.

Vanquished Creatures
  A gnoll (D:3)
  A ball python (D:1)
  2 bats (D:1)
  An endoplasm (D:1)
  A hobgoblin (D:2)
  A quokka (D:1)
  3 frilled lizards
  4 kobolds (D:1)
  6 rats
20 creatures vanquished.

Notes
Turn   | Place    | Note
-------+----------+-------------------------------------------
     0 | D:1      | browni3141 the Minotaur Fighter began the quest for the
                  | Orb.
     0 | D:1      | Reached XP level 1. HP: 19/19 MP: 0/0
   287 | D:1      | Reached XP level 2. HP: 26/27 MP: 1/1
   728 | D:2      | Found a faded altar of an unknown god.
   854 | D:2      | Slain by a gnoll

Illustrated notes

Levels and vault maps discovered:
D:1:      dpeg_arrival_simpleton_b, layout_basic, minmay_heptomino_h4
D:2:      minmay_alternating_diamond, layout_basic,
          shapermc_ecumenical_altar_acropolis, minmay_gold_behind_fungi
D:3:      layout_rooms, hangedman_feature_mirror

Skill      XL: |  1  2 |
---------------+-------+-----
Axes           | 3 |  3.3
Fighting       | |  3.9
Armour         | |  3.9
Shields        | |  3.9

Action                     || total
---------------------------++-------
  Melee: War axe           ||    39
         Headbutt          ||     6
  Throw: Javelin           ||     1
 Armour: Scale mail        ||    32
  Dodge: Dodged            ||    21
  Block: Buckler           ||    10
